 Dungeon Crawl Stone Soup version 0.19-a0-934-gf1df8d1 (webtiles) character file.

152 Jaxo the Skirmisher (level 5, -8/48 HPs)
             Began as a Minotaur Fighter on July 7, 2016.
             Was an Initiate of Yredelemnul.
             Killed from afar by Sigmund (10 damage)
             ... with a puff of flame
             ... on level 3 of the Dungeon.
             The game lasted 00:04:56 (1498 turns).

Jaxo the Skirmisher (Minotaur Fighter)              Turns: 1498, Time: 00:04:56

Health: -8/48      AC: 15    Str: 22    XL:     5   Next: 11%
Magic:  4/4        EV:  4    Int:  5    God:    Yredelemnul [......]
Gold:   64         SH:  0    Dex:  9    Spells: 0 memorised, 4 levels left

rFire  . . .     SeeInvis .     a - +0 war axe
rCold  . . .     Gourm    .     r - +3 plate armour
rNeg   . . .     Faith    .     c - +0 shield
rPois  .         Spirit   .     (helmet restricted)
rElec  .         Dismiss  .     (no cloak)
rCorr  .         Reflect  .     (no gloves)
SustAt .         Harm     .     (no boots)
MR     .....                    (no amulet)
Stlth  ..........               (no ring)
                                (no ring)

@: confused, slowed, very slow, not resistant to hostile enchantments, extremely
unstealthy
A: retaliatory headbutt, horns 2
a: Renounce Religion


You were on level 3 of the Dungeon.
You worshipped Yredelemnul.
Yredelemnul was noncommittal.
You were not hungry.

You visited 1 branch of the dungeon, and saw 3 of its levels.

You collected 64 gold pieces.

Inventory:

Hand Weapons
 a - a +0 war axe (weapon)
Armour
 b - a +0 scale mail
 c - a +0 shield (worn)
 r - a +3 plate armour (worn)
Scrolls
 i - a scroll of fear
 j - a scroll of identify
Potions
 d - a potion of might
 e - a potion of beneficial mutation {unknown}
 h - 2 potions of haste {unknown}
 k - a potion of lignification {unknown}
 m - a potion of mutation {unknown}
 q - a potion of heal wounds
Comestibles
 f - 2 bread rations


   Skills:
 + Level 5.0 Fighting
 + Level 3.2 Axes
 + Level 4.4 Armour
 + Level 1.0 Dodging
 + Level 4.8 Shields


You had 4 spell levels left.
You didn't know any spells.

Dungeon Overview and Level Annotations

Branches:
Dungeon (3/15)

Altars:
Sif Muna
Yredelemnul
The Shining One

Annotations:
D:3 Sigmund


Innate Abilities, Weirdness & Mutations

You reflexively headbutt those who attack you in melee.
You have a pair of horns on your head.


Message History

* * * LOW HITPOINT WARNING * * *
Sigmund appears from thin air!
Reactivating autopickup.
Sigmund points at you and mumbles some strange words.
You resist with some effort.
You see here a club.
Sigmund points at you and mumbles some strange words.
You are confused.
You closely miss Sigmund.
Sigmund is lightly wounded.
Sigmund gestures at you while chanting. The magic dart hits you!
* * * LOW HITPOINT WARNING * * *
Sigmund zaps a wand.
You resist with some effort. Sigmund closely misses you.
Your plate armour prevents you from hitting Sigmund.
Sigmund is lightly wounded.
Sigmund points at you and mumbles some strange words.
The puff of flame hits you!
You die...
Your body rises from the dead as a mindless zombie.

##### #... #.### # #
(...# .#. #.#.# #.# #
#.#.# #.###.# #.#.#
#..... #.#.#
######..####.#
....#######..†)@@......#
##..).......####.)######
#..######### #..# ....#
#..# ##.## ...# #.#
#.#.# #.# #.#.# #.#
..... #. #####.


You could see Sigmund.

Vanquished Creatures
  Jessica (D:2)
  6 gnolls (D:2)
  An adder (D:2)
  A worm (D:2)
  2 dart slugs
  2 orcs (D:3)
  A ball python (D:2)
  2 giant cockroaches
  6 goblins
  7 hobgoblins
  4 jackals (D:1)
  2 kobolds
  A quokka (D:2)
  3 bats
  7 giant newts
  6 rats
52 creatures vanquished.

Notes
Turn   | Place    | Note
-------+----------+-------------------------------------------
     0 | D:1      | Jaxo the Minotaur Fighter began the quest for the Orb.
     0 | D:1      | Reached XP level 1. HP: 19/19 MP: 0/0
   142 | D:1      | Reached XP level 2. HP: 27/27 MP: 1/1
   195 | D:1      | Reached skill level 4 in Fighting
   402 | D:1      | Reached XP level 3. HP: 33/33 MP: 2/2
   534 | D:2      | Found a basalt altar of Yredelemnul.
   535 | D:2      | Noticed a profane servitor
   590 | D:2      | Became a worshipper of Yredelemnul the Dark
   753 | D:2      | Found a glowing golden altar of the Shining One.
   755 | D:2      | Noticed an angel
   873 | D:2      | Reached XP level 4. HP: 33/41 MP: 3/3
   899 | D:2      | Noticed Jessica
   904 | D:2      | Killed Jessica
  1174 | D:2      | Reached skill level 1 in Dodging
  1174 | D:2      | Reached XP level 5. HP: 30/47 MP: 4/4
  1212 | D:2      | Found a deep blue altar of Sif Muna.
  1455 | D:3      | Noticed Sigmund
  1463 | D:3      | Reached skill level 5 in Fighting
  1497 | D:3      | HP: 2/48 [Sigmund/magic dart (8)]
  1498 | D:3      | Killed from afar by Sigmund

Vault maps used:
D:1:      matt_arrival_grand_opening
D:2:      grunt_temple_overflow_holy_war, led_sif_pool, uniq_jessica
D:3:      saegor_snake_ambush, uniq_sigmund, uniq_iyjb, uniq_robin

Skill      XL: |  1  2  3  4  5 |
---------------+----------------+-----
Shields        | 4 |  4.8
Armour         | 4 |  4.4
Fighting       | 4 5 |  5.0
Axes           | 3 |  3.2
Dodging        | 1 |  1.0

Action                   |  1- 3 |  4- 6 || total
-------------------------+-------+-------++-------
Melee: War axe           |    80 |    67 ||   147
       Headbutt          |    13 |     5 ||    18
  Use: Scroll            |    10 |       ||    10
  Eat: Meat ration       |       |     1 ||     1
Armor: Scale mail        |    32 |       ||    32
       Plate armour      |     7 |    50 ||    57
Dodge: Dodged            |    21 |    14 ||    35
Block: Shield            |    39 |    42 ||    81
